3231 views
Uploaded 2020-07-11 16:22:09
Game version 1.32.6 / 1.32.7
25:56 long 3on3 ladder game on (8)Battleground_LV
Saved by koz
3231 views
Uploaded 2020-07-11 16:22:09
Game version 1.32.6 / 1.32.7
25:56 long 3on3 ladder game on (8)Battleground_LV


147 units @ 22k
/ 4k
54 buildings @ 8.6k
/ 3.5k



| Healing Salve | 4 | 400 |
| Scroll of Speed | 2 | 100 |
| Potion of Mana | 5 | 1000 |
| Lesser Clarity Potion | 8 | 560 |
| Potion of Healing | 6 | 900 |
| Scroll of Town Portal | 2 | 700 |
| Scroll of Healing | 2 | 500 |
| Potion of Lesser Invulnerability | 1 | 150 |
| Scroll of Protection | 1 | 150 |
| total: | 31 | 4460g |
| Peon | 12 | 900 | / | 0 |
| Troll Headhunter | 10 | 1400 | / | 200 |
| Troll Berserker | 15 | 2100 | / | 300 |
| Shaman | 7 | 910 | / | 140 |
| Demolisher | 2 | 440 | / | 100 |
| total: | 46 | 5750g | / | 740w |
| Orc Burrow | 5 | 800 | / | 200 |
| War Mill | 1 | 205 | / | 0 |
| Altar of Storms | 1 | 180 | / | 50 |
| Barracks | 3 | 540 | / | 150 |
| Voodoo Lounge | 1 | 130 | / | 30 |
| Great Hall | 2 | 770 | / | 370 |
| Spirit Lodge | 4 | 600 | / | 600 |
| Stronghold | 1 | 315 | / | 190 |
| Fortress | 1 | 325 | / | 190 |
| total: | 17 | 3225g | / | 1400w |
| 0:01 | Peon |
| 0:02 | Peon |
| 0:18 | Orc Burrow |
| 0:30 | Peon |
| 0:34 | War Mill |
| 0:40 | Peon |
| 0:48 | Altar of Storms |
| 0:55 | Peon |
| 1:04 | Barracks |
| 1:08 | Peon |
| 1:24 | Peon |
| 1:43 | Orc Burrow |
| 1:53 | Peon |
| 2:02 | Voodoo Lounge |
| 2:10 | Troll Headhunter |
| 2:37 | Troll Headhunter |
| 2:53 | War Stomp |
| 2:59 | Troll Headhunter |
| 3:09 | Stronghold |
| 3:17 | Troll Headhunter |
| 3:35 | Orc Burrow |
| 3:37 | Healing Salve |
| 3:39 | Scroll of Speed |
| 3:59 | Troll Headhunter |
| 4:07 | Endurance Aura |
| 4:10 | Troll Headhunter |
| 4:14 | Steel Ranged Weapons |
| 4:14 | Thorium Ranged Weapons |
| 4:39 | Troll Headhunter |
| 4:56 | Barracks |
| 5:15 | Great Hall |
| 5:34 | War Stomp |
| 5:46 | Troll Regeneration |
| 5:47 | Fortress |
| 6:35 | Troll Headhunter |
| 6:59 | Potion of Mana |
| 7:02 | Lesser Clarity Potion |
| 7:04 | Scroll of Speed |
| 7:09 | Troll Headhunter |
| 7:13 | Spirit Lodge |
| 7:19 | Arcanite Ranged Weapons |
| 7:47 | Troll Headhunter |
| 7:50 | Peon |
| 7:51 | Peon |
| 7:51 | Peon |
| 7:55 | Hex |
| 8:09 | Berserker Upgrade |
| 8:12 | Peon |
| 8:40 | Silence |
| 8:47 | Shaman Adept Training |
| 9:26 | Troll Berserker |
| 9:34 | Scroll of Town Portal |
| 9:36 | Lesser Clarity Potion |
| 9:38 | Potion of Healing |
| 9:44 | Barracks |
| 9:49 | Shaman Master Training |
| 10:05 | Troll Berserker |
| 10:24 | Troll Berserker |
| 10:27 | Orc Burrow |
| 10:52 | Spirit Lodge |
| 11:16 | Troll Berserker |
| 11:21 | Spirit Lodge |
| 11:26 | Spirit Lodge |
| 11:45 | Potion of Lesser Invulnerability |
| 11:46 | Scroll of Town Portal |
| 11:48 | Scroll of Healing |
| 11:49 | Scroll of Protection |
| 12:24 | Reinforced Defenses |
| 12:27 | Troll Berserker |
| 12:55 | Healing Wave |
| 13:08 | Troll Berserker |
| 13:09 | Shaman |
| 13:16 | Black Arrow |
| 13:26 | Endurance Aura |
| 13:59 | Troll Berserker |
| 14:00 | Shaman |
| 14:20 | Troll Berserker |
| 14:38 | Scroll of Healing |
| 14:46 | Shaman |
| 15:01 | Potion of Mana |
| 15:02 | Potion of Healing |
| 15:04 | Lesser Clarity Potion |
| 15:52 | Healing Wave |
| 15:52 | Troll Berserker |
| 15:53 | Shaman |
| 16:12 | Lesser Clarity Potion |
| 16:13 | Healing Salve |
| 16:19 | Potion of Mana |
| 16:22 | Potion of Healing |
| 16:25 | Troll Berserker |
| 17:06 | Burning Oil |
| 17:06 | Demolisher |
| 17:32 | Shaman |
| 17:42 | Black Arrow |
| 18:02 | Troll Berserker |
| 18:26 | Endurance Aura |
| 18:34 | Troll Berserker |
| 18:43 | Great Hall |
| 19:17 | Troll Berserker |
| 19:31 | Hex |
| 20:32 | Troll Berserker |
| 20:59 | Troll Berserker |
| 21:00 | Shaman |
| 21:12 | Healing Salve |
| 21:12 | Lesser Clarity Potion |
| 21:17 | Potion of Healing |
| 21:24 | Shaman |
| 21:56 | Demolisher |
| 22:21 | Potion of Mana |
| 22:22 | Potion of Healing |
| 22:32 | Lesser Clarity Potion |
| 23:42 | Orc Burrow |
| 23:59 | Lesser Clarity Potion |
| 23:59 | Healing Salve |
| 24:04 | Lesser Clarity Potion |
| 24:52 | Potion of Mana |
| 25:00 | Reincarnation |
| 25:06 | Silence |
| 25:25 | Potion of Healing |
| Select group | 1135 |
| Right click | 974 |
| Select | 525 |
| Build/train/purchase | 208 |
| Misc. action | 89 |
| Use ability | 57 |
| Assign group | 46 |
| Minimap ping | 8 |
| Chat | 4 |
| Item give/drop | 3 |
SwiftJuliE
(8)
(25:53) : 
| Lesser Clarity Potion | 5 | 350 |
| Staff of Preservation | 1 | 150 |
| Potion of Mana | 2 | 400 |
| Potion of Healing | 1 | 150 |
| Scroll of Healing | 1 | 250 |
| Scroll of Town Portal | 3 | 1050 |
| Dust of Appearance | 1 | 75 |
| Scroll of Protection | 1 | 150 |
| Scroll of Speed | 4 | 200 |
| Healing Salve | 1 | 100 |
| total: | 20 | 2875g |
| Wisp | 30 | 1800 | / | 0 |
| Huntress | 6 | 1170 | / | 120 |
| Mountain Giant | 13 | 4550 | / | 1300 |
| Archer | 3 | 390 | / | 30 |
| total: | 52 | 7910g | / | 1450w |
| Ancient Protector | 3 | 405 | / | 240 |
| Altar of Elders | 1 | 180 | / | 50 |
| Moon Well | 7 | 1260 | / | 280 |
| Hunter's Hall | 1 | 210 | / | 100 |
| Ancient of War | 4 | 600 | / | 240 |
| Tree of Life | 2 | 680 | / | 370 |
| Ancient of Wonders | 1 | 90 | / | 30 |
| Ancient of Lore | 2 | 310 | / | 290 |
| Tree of Ages | 1 | 320 | / | 180 |
| Tree of Eternity | 1 | 330 | / | 200 |
| total: | 21 | 3735g | / | 1600w |
| 0:02 | Wisp |
| 0:04 | Altar of Elders |
| 0:17 | Moon Well |
| 0:18 | Wisp |
| 0:29 | Wisp |
| 0:34 | Wisp |
| 0:34 | Wisp |
| 0:45 | Wisp |
| 1:11 | Wisp |
| 1:21 | Wisp |
| 1:29 | Wisp |
| 1:33 | Wisp |
| 1:36 | Wisp |
| 1:50 | Hunter's Hall |
| 1:52 | Ancient of War |
| 1:54 | Ancient of War |
| 1:54 | Wisp |
| 2:13 | Wisp |
| 2:18 | Ancient of War |
| 2:19 | Ancient of War |
| 2:25 | Moon Well |
| 2:27 | Moon Well |
| 2:31 | Searing Arrows |
| 2:44 | Moon Well |
| 3:29 | Huntress |
| 3:52 | Huntress |
| 3:54 | Ultravision |
| 4:15 | Huntress |
| 4:28 | Sentinel |
| 4:41 | Huntress |
| 5:36 | Huntress |
| 5:37 | Tree of Ages |
| 6:11 | Moon Well |
| 6:24 | Tree of Life |
| 6:42 | Huntress |
| 8:01 | Moon Glaive |
| 8:01 | Wisp |
| 8:03 | Ancient of Lore |
| 8:05 | Ancient of Lore |
| 8:11 | Ancient of Wonders |
| 8:12 | Wisp |
| 8:26 | Wisp |
| 8:42 | Tree of Eternity |
| 8:55 | Scroll of Healing |
| 8:56 | Scroll of Protection |
| 9:32 | Mountain Giant |
| 10:10 | Mountain Giant |
| 10:16 | Scroll of Speed |
| 10:16 | Healing Salve |
| 10:57 | Mountain Giant |
| 11:07 | Lesser Clarity Potion |
| 11:12 | Hardened Skin |
| 11:20 | Resistant Skin |
| 11:40 | Moon Well |
| 11:59 | Scroll of Town Portal |
| 12:01 | Dust of Appearance |
| 12:19 | Reinforced Hides |
| 12:49 | Trueshot Aura |
| 12:57 | Mountain Giant |
| 12:59 | Wisp |
| 13:33 | Tree of Life |
| 13:55 | Well Spring |
| 14:25 | Mountain Giant |
| 15:04 | Lesser Clarity Potion |
| 15:04 | Staff of Preservation |
| 15:33 | Trueshot Aura |
| 15:35 | Mountain Giant |
| 15:36 | Wisp |
| 15:36 | Wisp |
| 16:16 | Improved Reinforced Hides |
| 16:41 | Mountain Giant |
| 16:47 | Ancient Protector |
| 16:56 | Scroll of Town Portal |
| 17:16 | Mountain Giant |
| 17:27 | Wisp |
| 17:27 | Wisp |
| 17:39 | Searing Arrows |
| 17:50 | Scroll of Speed |
| 17:50 | Lesser Clarity Potion |
| 17:58 | Potion of Mana |
| 18:22 | Mountain Giant |
| 18:23 | Wisp |
| 18:25 | Advanced Reinforced Hides |
| 18:53 | Mountain Giant |
| 18:59 | Wisp |
| 18:59 | Wisp |
| 19:07 | Ancient Protector |
| 19:07 | Wisp |
| 19:09 | Lesser Clarity Potion |
| 19:09 | Scroll of Speed |
| 19:33 | Mountain Giant |
| 19:38 | Wisp |
| 20:11 | Mountain Giant |
| 20:27 | Wisp |
| 20:28 | Wisp |
| 20:28 | Wisp |
| 20:28 | Wisp |
| 21:15 | Mountain Giant |
| 21:35 | Strength of the Wild |
| 21:44 | Archer |
| 21:59 | Lesser Clarity Potion |
| 22:10 | Scroll of Town Portal |
| 22:19 | Archer |
| 22:40 | Ancient Protector |
| 22:42 | Archer |
| 22:42 | Improved Bows |
| 23:19 | Trueshot Aura |
| 23:24 | Moon Well |
| 23:25 | Improved Strength of the Wild |
| 24:33 | Scroll of Speed |
| 24:36 | Potion of Healing |
| 24:51 | Potion of Mana |
| 25:35 | Starfall |
| Right click | 1723 |
| Select group | 1671 |
| Select | 742 |
| Misc. action | 265 |
| Build/train/purchase | 176 |
| Use ability | 96 |
| Assign group | 51 |
| Resource trade | 48 |
| Esc | 11 |
| Minimap ping | 9 |
| Chat | 9 |
| Item give/drop | 1 |
Kragg
(25:48) : 

| Lesser Clarity Potion | 8 | 560 |
| Scroll of Regeneration | 4 | 400 |
| Staff of Sanctuary | 1 | 250 |
| Potion of Healing | 1 | 150 |
| Scroll of Town Portal | 4 | 1400 |
| Scroll of Healing | 1 | 250 |
| total: | 19 | 3010g |
| Peasant | 10 | 750 | / | 0 |
| Rifleman | 23 | 4715 | / | 690 |
| Mortar Team | 16 | 2880 | / | 1120 |
| total: | 49 | 8345g | / | 1810w |
| Scout Tower | 1 | 30 | / | 20 |
| Arcane Tower | 1 | 70 | / | 50 |
| Blacksmith | 1 | 140 | / | 60 |
| Altar of Kings | 1 | 180 | / | 50 |
| Barracks | 1 | 160 | / | 60 |
| Farm | 9 | 720 | / | 180 |
| Lumber Mill | 1 | 120 | / | 0 |
| Arcane Vault | 1 | 130 | / | 30 |
| Workshop | 1 | 140 | / | 140 |
| Keep | 1 | 320 | / | 210 |
| Castle | 1 | 360 | / | 210 |
| total: | 16 | 1620g | / | 540w |
| 0:01 | Peasant |
| 0:02 | Peasant |
| 0:32 | Peasant |
| 0:35 | Blacksmith |
| 0:42 | Peasant |
| 0:53 | Peasant |
| 1:02 | Altar of Kings |
| 1:04 | Barracks |
| 1:06 | Peasant |
| 1:19 | Farm |
| 1:26 | Farm |
| 1:30 | Peasant |
| 1:47 | Peasant |
| 1:55 | Peasant |
| 2:07 | Rifleman |
| 2:11 | Peasant |
| 2:26 | Farm |
| 2:36 | Rifleman |
| 2:38 | Scout Tower |
| 3:04 | Holy Light |
| 3:06 | Rifleman |
| 3:19 | Keep |
| 3:30 | Arcane Tower |
| 3:44 | Rifleman |
| 3:59 | Farm |
| 4:10 | Devotion Aura |
| 4:42 | Black Gunpowder |
| 4:54 | Rifleman |
| 4:57 | Farm |
| 4:58 | Lumber Mill |
| 5:36 | Rifleman |
| 6:01 | Holy Light |
| 6:06 | Workshop |
| 6:30 | Rifleman |
| 6:43 | Siphon Mana |
| 6:47 | Castle |
| 6:55 | Lesser Clarity Potion |
| 6:58 | Long Rifles |
| 7:01 | Farm |
| 7:03 | Improved Lumber Harvesting |
| 7:47 | Mortar Team |
| 7:49 | Farm |
| 8:01 | Mortar Team |
| 8:20 | Arcane Vault |
| 8:43 | Mortar Team |
| 9:11 | Flame Strike |
| 9:29 | Fragmentation Shards |
| 9:46 | Farm |
| 9:49 | Farm |
| 9:50 | Mortar Team |
| 9:52 | Refined Gunpowder |
| 9:54 | Scroll of Regeneration |
| 9:54 | Lesser Clarity Potion |
| 9:56 | Lesser Clarity Potion |
| 9:59 | Scroll of Town Portal |
| 10:02 | Staff of Sanctuary |
| 10:45 | Mortar Team |
| 10:47 | Rifleman |
| 11:23 | Scroll of Healing |
| 11:28 | Flare |
| 12:31 | Mortar Team |
| 13:15 | Mortar Team |
| 13:29 | Devotion Aura |
| 13:45 | Rifleman |
| 14:23 | Scroll of Regeneration |
| 14:23 | Lesser Clarity Potion |
| 14:45 | Rifleman |
| 15:47 | Siphon Mana |
| 15:57 | Rifleman |
| 15:58 | Mortar Team |
| 16:13 | Rifleman |
| 16:20 | Lesser Clarity Potion |
| 16:25 | Scroll of Regeneration |
| 16:25 | Lesser Clarity Potion |
| 16:53 | Scroll of Town Portal |
| 18:01 | Potion of Healing |
| 18:11 | Rifleman |
| 18:28 | Holy Light |
| 18:32 | Flame Strike |
| 18:48 | Rifleman |
| 19:04 | Rifleman |
| 19:04 | Mortar Team |
| 19:59 | Rifleman |
| 19:59 | Mortar Team |
| 20:24 | Rifleman |
| 20:24 | Mortar Team |
| 20:36 | Rifleman |
| 20:46 | Rifleman |
| 21:20 | Rifleman |
| 21:45 | Mortar Team |
| 21:47 | Rifleman |
| 22:03 | Mortar Team |
| 22:15 | Rifleman |
| 22:41 | Lesser Clarity Potion |
| 23:02 | Mortar Team |
| 23:23 | Mortar Team |
| 23:47 | Scroll of Town Portal |
| 23:47 | Scroll of Town Portal |
| 23:58 | Rifleman |
| 23:59 | Mortar Team |
| 24:31 | Lesser Clarity Potion |
| 24:32 | Scroll of Regeneration |
| 25:01 | Siphon Mana |
| Select group | 6641 |
| Right click | 2122 |
| Select | 1417 |
| Misc. action | 617 |
| Assign group | 290 |
| Build/train/purchase | 125 |
| Use ability | 99 |
| Resource trade | 28 |
| Chat | 10 |
| Item give/drop | 8 |
| Minimap ping | 4 |
| Esc | 3 |
193 units @ 27.6k
/ 4k
56 buildings @ 11.1k
/ 4.9k


| Staff of Preservation | 1 | 150 |
| Lesser Clarity Potion | 1 | 70 |
| Orb of Venom | 1 | 325 |
| Potion of Healing | 1 | 150 |
| Scroll of Town Portal | 4 | 1400 |
| Scroll of Healing | 2 | 500 |
| Potion of Lesser Invulnerability | 3 | 450 |
| Scroll of Protection | 1 | 150 |
| Staff of Teleportation | 1 | 150 |
| Healing Salve | 2 | 200 |
| total: | 17 | 3545g |
| Wisp | 27 | 1620 | / | 0 |
| Archer | 30 | 3900 | / | 300 |
| Druid of the Claw | 10 | 2550 | / | 800 |
| total: | 67 | 8070g | / | 1100w |
| Ancient Protector | 4 | 540 | / | 320 |
| Altar of Elders | 1 | 180 | / | 50 |
| Moon Well | 6 | 1080 | / | 240 |
| Ancient of War | 2 | 300 | / | 120 |
| Ancient of Wonders | 2 | 180 | / | 60 |
| Hunter's Hall | 1 | 210 | / | 100 |
| Tree of Life | 3 | 1020 | / | 555 |
| Ancient of Lore | 2 | 310 | / | 290 |
| Tree of Ages | 1 | 320 | / | 180 |
| Tree of Eternity | 1 | 330 | / | 200 |
| total: | 21 | 3820g | / | 1735w |
| 0:01 | Wisp |
| 0:07 | Altar of Elders |
| 0:12 | Wisp |
| 0:17 | Moon Well |
| 0:27 | Wisp |
| 0:30 | Ancient of War |
| 0:38 | Wisp |
| 0:55 | Wisp |
| 1:14 | Wisp |
| 1:15 | Wisp |
| 1:29 | Moon Well |
| 1:32 | Archer |
| 1:36 | Wisp |
| 1:50 | Wisp |
| 2:07 | Mana Burn |
| 2:19 | Wisp |
| 2:20 | Archer |
| 2:27 | Wisp |
| 2:37 | Archer |
| 2:48 | Tree of Ages |
| 3:21 | Archer |
| 3:21 | Archer |
| 3:28 | Archer |
| 3:37 | Evasion |
| 3:43 | Moon Well |
| 3:54 | Archer |
| 3:58 | Ancient of Wonders |
| 4:19 | Archer |
| 4:34 | Hunter's Hall |
| 4:57 | Archer |
| 5:25 | Archer |
| 5:28 | Improved Bows |
| 5:46 | Wisp |
| 5:47 | Wisp |
| 5:49 | Ancient of Lore |
| 6:22 | Archer |
| 6:57 | Archer |
| 7:10 | Archer |
| 7:17 | Breath of Fire |
| 7:20 | Archer |
| 7:37 | Mana Burn |
| 7:55 | Ancient of Lore |
| 7:56 | Scroll of Town Portal |
| 8:20 | Ancient Protector |
| 8:22 | Ancient Protector |
| 8:28 | Moon Well |
| 8:44 | Scroll of Healing |
| 9:35 | Drunken Haze |
| 9:38 | Druid of the Claw |
| 9:38 | Druid of the Claw Adept Training |
| 9:39 | Archer |
| 9:57 | Potion of Lesser Invulnerability |
| 10:29 | Staff of Preservation |
| 10:38 | Tree of Life |
| 11:15 | Druid of the Claw |
| 11:48 | Moon Well |
| 11:50 | Moon Well |
| 11:52 | Breath of Fire |
| 12:10 | Ancient of Wonders |
| 12:36 | Scroll of Town Portal |
| 13:17 | Evasion |
| 13:21 | Druid of the Claw |
| 13:57 | Lesser Clarity Potion |
| 13:58 | Healing Salve |
| 14:16 | Archer |
| 14:17 | Druid of the Claw |
| 14:27 | Wisp |
| 14:27 | Wisp |
| 14:28 | Wisp |
| 14:28 | Wisp |
| 14:29 | Wisp |
| 14:39 | Archer |
| 14:51 | Ancient of War |
| 15:00 | Potion of Lesser Invulnerability |
| 15:00 | Scroll of Protection |
| 15:13 | Archer |
| 15:40 | Archer |
| 16:03 | Archer |
| 16:06 | Tree of Eternity |
| 16:14 | Wisp |
| 16:14 | Wisp |
| 16:14 | Wisp |
| 17:10 | Archer |
| 17:30 | Drunken Haze |
| 17:36 | Mana Burn |
| 17:49 | Archer |
| 17:57 | Druid of the Claw |
| 18:19 | Archer |
| 18:39 | Archer |
| 18:39 | Archer |
| 18:41 | Druid of the Claw Master Training |
| 18:41 | Druid of the Claw |
| 18:51 | Tree of Life |
| 18:53 | Ancient Protector |
| 18:55 | Ancient Protector |
| 19:03 | Well Spring |
| 19:04 | Ultravision |
| 19:04 | Strength of the Moon |
| 19:18 | Scroll of Town Portal |
| 19:28 | Marksmanship |
| 19:37 | Orb of Venom |
| 19:48 | Potion of Healing |
| 20:34 | Metamorphosis |
| 20:53 | Healing Salve |
| 21:06 | Archer |
| 21:07 | Druid of the Claw |
| 21:07 | Mark of the Claw |
| 21:11 | Wisp |
| 21:11 | Wisp |
| 21:12 | Wisp |
| 21:12 | Wisp |
| 21:13 | Wisp |
| 21:51 | Potion of Lesser Invulnerability |
| 21:52 | Scroll of Town Portal |
| 22:00 | Staff of Teleportation |
| 22:31 | Wisp |
| 22:39 | Archer |
| 23:10 | Archer |
| 23:12 | Druid of the Claw |
| 23:52 | Druid of the Claw |
| 23:54 | Archer |
| 24:19 | Scroll of Healing |
| 24:59 | Breath of Fire |
| 25:21 | Tree of Life |
| 25:23 | Archer |
| 25:24 | Druid of the Claw |
| 25:27 | Evasion |
| Select group | 1317 |
| Right click | 1079 |
| Select | 868 |
| Misc. action | 351 |
| Build/train/purchase | 136 |
| Use ability | 94 |
| Assign group | 70 |
| Chat | 58 |
| Resource trade | 19 |
| Item give/drop | 3 |
| Remove unit | 2 |

| Scroll of Town Portal | 5 | 1750 |
| Scroll of Healing | 1 | 250 |
| Scroll of Protection | 1 | 150 |
| Scroll of Speed | 1 | 50 |
| Orb of Lightning | 1 | 375 |
| total: | 9 | 2575g |
| Wisp | 20 | 1200 | / | 0 |
| Archer | 38 | 4940 | / | 380 |
| Mountain Giant | 3 | 1050 | / | 300 |
| total: | 61 | 7190g | / | 680w |
| Altar of Elders | 1 | 180 | / | 50 |
| Moon Well | 6 | 1080 | / | 240 |
| Ancient of War | 2 | 300 | / | 120 |
| Ancient of Wonders | 1 | 90 | / | 30 |
| Hunter's Hall | 1 | 210 | / | 100 |
| Tree of Life | 5 | 1700 | / | 925 |
| Ancient of Lore | 2 | 310 | / | 290 |
| Tree of Ages | 1 | 320 | / | 180 |
| Tree of Eternity | 1 | 330 | / | 200 |
| total: | 18 | 3870g | / | 1755w |
| 0:01 | Wisp |
| 0:01 | Wisp |
| 0:02 | Wisp |
| 0:07 | Altar of Elders |
| 0:17 | Moon Well |
| 0:31 | Ancient of War |
| 0:33 | Wisp |
| 0:48 | Wisp |
| 0:48 | Wisp |
| 1:03 | Wisp |
| 1:03 | Wisp |
| 1:19 | Wisp |
| 1:30 | Moon Well |
| 1:36 | Archer |
| 2:01 | Ancient of Wonders |
| 2:01 | Archer |
| 2:13 | Trueshot Aura |
| 2:18 | Archer |
| 2:41 | Wisp |
| 2:41 | Wisp |
| 2:43 | Archer |
| 2:56 | Tree of Ages |
| 3:09 | Archer |
| 3:26 | Moon Well |
| 3:52 | Archer |
| 3:59 | Hunter's Hall |
| 4:31 | Ancient of War |
| 4:37 | Moon Well |
| 4:47 | Archer |
| 4:50 | Scout |
| 5:01 | Archer |
| 5:34 | Archer |
| 5:37 | Improved Bows |
| 6:07 | Scroll of Town Portal |
| 6:31 | Tree of Eternity |
| 6:37 | Archer |
| 7:10 | Archer |
| 7:16 | Trueshot Aura |
| 7:23 | Strength of the Moon |
| 8:20 | Moon Armor |
| 8:21 | Archer |
| 8:22 | Archer |
| 8:46 | Scroll of Protection |
| 9:22 | Archer |
| 9:23 | Marksmanship |
| 9:56 | Moon Well |
| 9:58 | Wisp |
| 9:58 | Wisp |
| 9:58 | Wisp |
| 10:02 | Moon Well |
| 10:49 | Improved Strength of the Moon |
| 10:58 | Scout |
| 11:12 | Archer |
| 11:13 | Archer |
| 11:54 | Tree of Life |
| 13:25 | Archer |
| 13:32 | Archer |
| 13:44 | Archer |
| 13:47 | Trueshot Aura |
| 14:01 | Archer |
| 14:17 | Archer |
| 14:20 | Wisp |
| 15:03 | Scroll of Town Portal |
| 15:11 | Wisp |
| 15:43 | Archer |
| 15:54 | Archer |
| 16:07 | Wisp |
| 16:07 | Wisp |
| 16:07 | Wisp |
| 16:08 | Wisp |
| 16:26 | Archer |
| 16:38 | Archer |
| 17:40 | Archer |
| 17:41 | Archer |
| 17:46 | Starfall |
| 17:58 | Archer |
| 17:58 | Archer |
| 18:08 | Archer |
| 18:09 | Archer |
| 18:15 | Archer |
| 18:58 | Ancient of Lore |
| 18:59 | Ancient of Lore |
| 19:02 | Archer |
| 19:06 | Advanced Strength of the Moon |
| 19:41 | Scroll of Town Portal |
| 20:07 | Scroll of Speed |
| 20:11 | Orb of Lightning |
| 20:46 | Hardened Skin |
| 20:46 | Resistant Skin |
| 20:47 | Mountain Giant |
| 20:54 | Archer |
| 21:01 | Scout |
| 21:41 | Archer |
| 21:43 | Mountain Giant |
| 21:51 | Scroll of Town Portal |
| 21:52 | Scroll of Healing |
| 22:04 | Archer |
| 22:43 | Archer |
| 22:53 | Tree of Life |
| 22:56 | Archer |
| 23:45 | Scroll of Town Portal |
| 24:00 | Mountain Giant |
| 24:02 | Reinforced Hides |
| 25:14 | Searing Arrows |
| 25:23 | Tree of Life |
| 25:31 | Tree of Life |
| 25:37 | Tree of Life |
| Right click | 1283 |
| Select group | 711 |
| Select | 490 |
| Chat | 255 |
| Misc. action | 169 |
| Build/train/purchase | 139 |
| Assign group | 58 |
| Resource trade | 17 |
| Use ability | 6 |
| Minimap ping | 4 |
| Remove unit | 3 |
| Item give/drop | 1 |
| Esc | 1 |

| Healing Salve | 5 | 500 |
| Scroll of Speed | 6 | 300 |
| Lesser Clarity Potion | 10 | 700 |
| Potion of Mana | 5 | 1000 |
| Potion of Healing | 1 | 150 |
| Tiny Great Hall | 1 | 600 |
| Scroll of Town Portal | 3 | 1050 |
| Potion of Invisibility | 3 | 300 |
| Staff of Teleportation | 1 | 150 |
| Potion of Lesser Invulnerability | 2 | 300 |
| Moonstone | 1 | 50 |
| total: | 38 | 5100g |
| Peon | 23 | 1725 | / | 0 |
| Grunt | 14 | 2800 | / | 0 |
| Tauren | 28 | 7840 | / | 2240 |
| total: | 65 | 12365g | / | 2240w |
| Altar of Storms | 1 | 180 | / | 50 |
| Orc Burrow | 6 | 960 | / | 240 |
| Barracks | 1 | 180 | / | 50 |
| Voodoo Lounge | 1 | 130 | / | 30 |
| Great Hall | 3 | 1155 | / | 555 |
| War Mill | 2 | 410 | / | 0 |
| Tauren Totem | 3 | 405 | / | 465 |
| Stronghold | 1 | 315 | / | 190 |
| Fortress | 1 | 325 | / | 190 |
| total: | 17 | 3420g | / | 1390w |
| 0:08 | Peon |
| 0:08 | Peon |
| 0:09 | Altar of Storms |
| 0:15 | Peon |
| 0:18 | Orc Burrow |
| 0:41 | Barracks |
| 0:50 | Peon |
| 0:50 | Peon |
| 0:50 | Peon |
| 0:50 | Peon |
| 0:50 | Peon |
| 1:00 | Peon |
| 1:13 | Peon |
| 1:27 | Orc Burrow |
| 1:31 | Peon |
| 1:42 | Grunt |
| 1:42 | Grunt |
| 1:42 | Grunt |
| 1:42 | Grunt |
| 1:42 | Grunt |
| 1:56 | Voodoo Lounge |
| 2:04 | Peon |
| 2:07 | Endurance Aura |
| 2:24 | Grunt |
| 2:57 | Stronghold |
| 3:16 | Grunt |
| 3:33 | Grunt |
| 3:38 | Healing Salve |
| 3:39 | Scroll of Speed |
| 3:48 | Grunt |
| 4:00 | War Stomp |
| 4:06 | Orc Burrow |
| 4:51 | Great Hall |
| 4:58 | Grunt |
| 5:03 | Lesser Clarity Potion |
| 5:09 | Healing Salve |
| 5:27 | Berserker Strength |
| 5:59 | Grunt |
| 6:20 | War Stomp |
| 6:33 | Grunt |
| 6:46 | Great Hall |
| 6:47 | Fortress |
| 6:50 | Healing Salve |
| 6:54 | Lesser Clarity Potion |
| 6:55 | Lesser Clarity Potion |
| 6:56 | Scroll of Speed |
| 7:42 | Moonstone |
| 7:43 | Potion of Mana |
| 7:47 | Grunt |
| 7:49 | War Mill |
| 8:11 | Orc Burrow |
| 8:28 | Grunt |
| 8:33 | Potion of Invisibility |
| 9:29 | Peon |
| 9:30 | Peon |
| 9:32 | Peon |
| 9:32 | Peon |
| 9:34 | Tauren Totem |
| 9:35 | Tauren Totem |
| 9:38 | Lesser Clarity Potion |
| 9:59 | Lesser Clarity Potion |
| 10:03 | Scroll of Town Portal |
| 10:05 | Scroll of Speed |
| 10:05 | Scroll of Speed |
| 10:05 | Scroll of Speed |
| 10:06 | Scroll of Speed |
| 10:10 | Peon |
| 10:31 | Steel Armor |
| 10:37 | Pillage |
| 10:39 | Orc Burrow |
| 10:58 | Pulverize |
| 10:59 | Tauren |
| 11:21 | Healing Salve |
| 11:21 | Lesser Clarity Potion |
| 11:24 | Scroll of Town Portal |
| 11:27 | Potion of Healing |
| 11:37 | Tauren |
| 11:54 | Tauren |
| 12:16 | Tauren |
| 12:24 | Lesser Clarity Potion |
| 12:27 | Potion of Mana |
| 12:49 | Tauren |
| 13:04 | Tauren |
| 13:20 | Endurance Aura |
| 13:21 | Tauren |
| 13:45 | Tauren |
| 14:04 | Tauren |
| 14:32 | Scroll of Town Portal |
| 14:32 | Healing Salve |
| 14:32 | Lesser Clarity Potion |
| 14:33 | Lesser Clarity Potion |
| 14:38 | Potion of Mana |
| 14:47 | Steel Melee Weapons |
| 15:07 | Peon |
| 15:15 | Tauren |
| 15:55 | Tauren |
| 16:01 | War Stomp |
| 16:16 | Tauren |
| 16:33 | Thorium Armor |
| 16:50 | Tauren |
| 17:28 | Tauren |
| 17:36 | Tauren |
| 17:47 | Tauren |
| 18:10 | Tauren |
| 18:26 | Orc Burrow |
| 18:27 | Tauren |
| 19:14 | Staff of Teleportation |
| 19:14 | Potion of Invisibility |
| 19:14 | Potion of Lesser Invulnerability |
| 19:24 | Lesser Clarity Potion |
| 19:25 | Potion of Mana |
| 19:37 | Tauren |
| 19:52 | Reincarnation |
| 19:58 | Tauren |
| 20:55 | Endurance Aura |
| 21:24 | Tiny Great Hall |
| 21:24 | Potion of Mana |
| 21:25 | Tauren |
| 21:29 | Peon |
| 21:46 | Peon |
| 21:47 | Peon |
| 21:48 | War Mill |
| 21:49 | Tauren |
| 21:50 | Tauren Totem |
| 21:53 | Peon |
| 22:08 | Potion of Invisibility |
| 22:09 | Potion of Lesser Invulnerability |
| 22:16 | Tauren |
| 22:45 | Tauren |
| 22:46 | Peon |
| 23:22 | Tauren |
| 23:55 | Tauren |
| 24:27 | Tauren |
| 25:46 | Tauren |
| 25:52 | Great Hall |
| Right click | 2075 |
| Select group | 1984 |
| Select | 1512 |
| Misc. action | 449 |
| Build/train/purchase | 245 |
| Assign group | 178 |
| Use ability | 80 |
| Minimap ping | 32 |
| Chat | 27 |
| Item give/drop | 5 |
| Esc | 5 |
| Resource trade | 4 |
⇛